 Dungeon Crawl Stone Soup version 0.18.1-8-gdd0e5ea (webtiles) character file.

161 zeroDi the Cutter (level 5, -3/26 HPs)
             Began as a Vine Stalker Assassin on May 30, 2016.
             Was an Initiate of Okawaru.
             Killed by divine providence
             ... invoked by an orc priest
              (8 damage)
             ... on level 4 of the Dungeon.
             The game lasted 00:05:53 (2113 turns).

zeroDi the Cutter (Vine Stalker Assassin)           Turns: 2113, Time: 00:05:54

Health: -3/26      AC:  3    Str: 13    XL:     5   Next: 42%
Magic:  0/6        EV: 11    Int: 11    God:    Okawaru [......]
Gold:   149        SH:  4    Dex: 17    Spells: 0 memorised, 4 levels left

rFire  . . .     SeeInvis .     a - +2 dagger (elec)
rCold  . . .     Gourm    .     c - +0 robe
rNeg   . . .     Faith    .     r - +0 buckler
rPois  .         Spirit   +     (no helmet)
rElec  .         Dismiss  .     d - +0 cloak
rCorr  .         Reflect  .     (no gloves)
SustAt .         Harm     .     (no boots)
MR     .....                    p - amulet of regeneration
Stlth  +++.......               (no ring)
                                (no ring)

@: not resistant to hostile enchantments, fairly stealthy
A: fangs 2, regeneration 1, magic shield, antimagic bite, no device heal 3, rot
immunity
a: Renounce Religion


You were on level 4 of the Dungeon.
You worshipped Okawaru.
Okawaru was noncommittal.
You were hungry.

You visited 1 branch of the dungeon, and saw 4 of its levels.

You collected 149 gold pieces.


Innate Abilities, Weirdness & Mutations

You have extremely sharp teeth.
Your natural rate of healing is unusually fast.
When hurt, damage is shared between your health and your magic reserves.
Your bite disrupts and absorbs the magic of your enemies.
Potions and wands cannot restore your health.
You are immune to rotting.


   Skills:
 - Level 1.7 Fighting
 + Level 5.0 Short Blades
 - Level 1.7 Throwing
 - Level 0.7 Dodging
 - Level 4.8 Stealth


You had 4 spell levels left.
You didn't know any spells.

Inventory:

Hand Weapons
 a - a +2 dagger of electrocution (weapon)
 b - a +1 blowgun
 m - a +2 dagger
Missiles
 e - 19 poisoned needles
 f - 2 curare-tipped needles {=f}
Armour
 c - a +0 robe (worn)
 d - a +0 cloak (worn)
 r - a +0 buckler (worn)
Jewellery
 p - an amulet of regeneration (around neck)
 v - an uncursed amulet of the gourmand {unknown}
Scrolls
 h - a scroll of immolation {unknown}
 j - 2 scrolls of fog {unknown}
 o - 2 scrolls of magic mapping {unknown}
 q - a scroll of enchant weapon
 s - 2 scrolls of teleportation {unknown}
 t - a scroll of remove curse {unknown}
 u - 2 scrolls of identify {@r1}
Potions
 i - a potion of curing {unknown}
 k - 3 potions of brilliance
 l - a potion of resistance {unknown}
Comestibles
 g - 2 bread rations
 n - a royal jelly
 x - a meat ration
 z - a beef jerky

Dungeon Overview and Level Annotations

Branches:
Dungeon (4/15)
 Temple: D:4-7

Altars:
Elyvilon
Fedhas
Kikubaaqudgha
Makhleb
Okawaru
Sif Muna
Trog
Xom
Yredelemnul

Annotations:
D:4 Dowan, Duvessa

#..........#
#..#.......#
##.###.....#
#.# #.....#
#.###.....#
#.##...<..#
#.##......#
#.##.........
#@#####........
#..# .).####.#
##o# .#... <
#...o.# ...#
#./.o...#.##
#.....###
#.....# #.....#
#......


You could see 2 orc priests and an orc.


Message History

You hit the orc.
There is a sudden explosion of sparks!
You kill the orc!
Okawaru accepts your kill.
The orc shouts!
The orc priest shouts! x2
The orc priest barely misses you.
You completely miss the orc. You bite the orc, but do no damage.
The orc hits you with a hand axe. The orc priest closely misses you.
You hit the orc priest but do no damage.
You bite the orc priest, but do no damage.
You closely miss the orc priest.
The orc priest mumbles some strange prayers to Beogh against you.
Beogh smites you!
* * * LOW HITPOINT WARNING * * *
The orc hits you with a hand axe.
* * * LOW HITPOINT WARNING * * *
The orc priest hits you from afar with a trident!
* * * LOW HITPOINT WARNING * * *
The orc priest mumbles some strange prayers to Beogh against you.
Beogh smites you!
You die...

Action                   |  1- 3 |  4- 6 || total
-------------------------+-------+-------++-------
Melee: Dagger            |    83 |    55 ||   138
       Bite              |    21 |    15 ||    36
  Use: Potion            |       |     4 ||     4
       Scroll            |       |     3 ||     3
 Stab: Sleeping          |     8 |     9 ||    17
  Eat: Chunk             |       |     3 ||     3
Armor: Robe              |    16 |     9 ||    25
Dodge: Dodged            |    49 |    19 ||    68
Block: Buckler           |       |     4 ||     4

Vault maps used:
D:1:      evilmike_arrival_run_for_it, minmay_splitting_lines
D:2:      elyvilon_altar_4, nicolae_overflow_crystal_walls, uniq_terence
D:3:      kennysheep_big_flooded_room, minitemple, first_bread,
          yredelemnul_altar_generic
D:4:      old_standard_altar, grunt_temple_overflow_open,
          makhleb_blood_cavern_becter, uniq_duvessa, uniq_natasha

Notes
Turn   | Place    | Note
--------------------------------------------------------------
     0 | D:1      | zeroDi the Vine Stalker Assassin began the quest for the Orb.
     0 | D:1      | Reached XP level 1. HP: 11/11 MP: 2/2
    14 | D:1      | Reached skill level 2 in Short Blades
    80 | D:1      | Reached XP level 2. HP: 15/15 MP: 3/3
   314 | D:1      | Reached skill level 3 in Short Blades
   394 | D:1      | Reached XP level 3. HP: 18/18 MP: 4/4
   477 | D:2      | Found a blossoming altar of Fedhas.
   583 | D:2      | Found a white marble altar of Elyvilon.
   672 | D:2      | Reached XP level 4. HP: 5/23 MP: 3/5
   677 | D:2      | HP: 2/23 [poisoned by an adder]
   684 | D:2      | HP: 1/23 [poisoned by an adder]
   691 | D:2      | HP: 1/23 [poisoned by an adder]
   699 | D:2      | HP: 1/23 [poisoned by an adder]
   800 | D:2      | Noticed Terence
   804 | D:2      | Killed Terence
   804 | D:2      | Reached skill level 4 in Short Blades
  1304 | D:3      | Found a basalt altar of Yredelemnul.
  1529 | D:3      | Reached XP level 5. HP: 13/26 MP: 1/6
  1912 | D:3      | Found an iron altar of Okawaru.
  1923 | D:3      | Became a worshipper of Warmaster Okawaru
  1926 | D:3      | Found a deep blue altar of Sif Muna.
  1926 | D:3      | Found an ancient bone altar of Kikubaaqudgha.
  1931 | D:3      | Found a burning altar of Makhleb.
  1971 | D:4      | Noticed Dowan
  1977 | D:4      | Noticed Duvessa
  2083 | D:4      | Found a shimmering altar of Xom.
  2086 | D:4      | Found a bloodstained altar of Trog.
  2106 | D:4      | Reached skill level 5 in Short Blades
  2113 | D:4      | Killed from afar by an orc priest

Vanquished Creatures
  A hound (D:3)
  Terence (D:2)
  4 adders
  An ooze (D:1)
  3 worms
  2 dart slugs
  2 giant geckos
  2 orcs (D:4)
  2 ball pythons
  4 giant cockroaches
  6 goblins
  3 hobgoblins
  A quokka (D:3)
  7 bats
  A giant newt (D:1)
  7 kobolds
  5 rats
52 creatures vanquished.

Vanquished Creatures (others)
  A rat (D:2)
1 creature vanquished.

Grand Total: 53 creatures vanquished
